 Dungeon Crawl Stone Soup version 0.20.0-8-g6b59dc7 (webtiles) character file.

581 Jerry the Skirmisher (level 7, -3/62 HPs)
             Began as a Hill Orc Fighter on June 1, 2017.
             Slain by an orc warrior
             ... wielding a +0 battleaxe
              (18 damage)
             ... on level 4 of the Dungeon.
             The game lasted 00:10:49 (3864 turns).

Jerry the Skirmisher (Hill Orc Fighter)             Turns: 3864, Time: 00:10:50

Health: -3/62      AC: 11    Str: 20    XL:     7   Next: 36%
Magic:  7/7        EV:  7    Int:  8    God:
Gold:   210        SH:  5    Dex: 11    Spells: 6/6 levels left

rFire    . . .     SeeInvis .   a - +0 war axe
rCold    . . .     Gourm    .   v - +0 buckler
rNeg     . . .     Faith    .   k - +0 chain mail
rPois    .         Spirit   .   (no helmet)
rElec    .         Reflect  .   (no cloak)
rCorr    .         Harm     .   t - +0 pair of gloves
MR       .....                  (no boots)
Stlth    ..........             (no amulet)
Regen    0.2/turn               (no ring)
MPRegen  0.1/turn               (no ring)

@: no status effects
A: no striking features
a: no special abilities


You were on level 4 of the Dungeon.
You were not hungry.

You visited 1 branch of the dungeon, and saw 4 of its levels.

You collected 210 gold pieces.

Inventory:

Hand Weapons
 a - a +0 war axe (weapon)
 g - a +2 hunting sling of flaming
Missiles
 n - 60 sling bullets (quivered)
 s - 310 stones
Armour
 b - a +0 scale mail
 c - a +0 shield
 k - a +0 chain mail (worn)
 t - a +0 pair of gloves (worn)
 v - a +0 buckler (worn)
Scrolls
 h - 2 scrolls of teleportation
 i - a scroll of magic mapping {unknown}
 m - a scroll of identify
 q - 2 scrolls of remove curse
Potions
 d - a potion of might
 e - a potion of resistance
 j - a potion of magic {unknown}
 l - a potion of agility {unknown}
 r - a potion of ambrosia {unknown}
 w - 3 potions of curing {unknown}
Comestibles
 f - 2 bread rations
 o - 4 royal jellies
 p - a meat ration


   Skills:
 + Level 5.7 Fighting
 + Level 5.7 Axes
 + Level 5.1 Armour
 - Level 5.5 Shields


You had 6 spell levels left.
You didn't know any spells.

Dungeon Overview and Level Annotations

Branches:
Dungeon (4/15)
 Temple: D:4-7

Altars:
Cheibriados
Qazlal
Zin


Message History

You slash the orc warrior!
The orc warrior is almost dead.
The orc warrior hits you with a battleaxe!
You are too injured to fight recklessly!
You are too injured to fight recklessly!
You are too injured to fight recklessly!
You are too injured to fight recklessly!
You hit the orc warrior but do no damage.
The orc warrior is almost dead.
The orc warrior hits you but does no damage.
You hit the orc warrior but do no damage.
The orc warrior is almost dead.
You closely miss the orc warrior.
The orc warrior is almost dead.
The orc warrior hits you with a battleaxe!
* * * LOW HITPOINT WARNING * * *
You closely miss the orc warrior.
The orc warrior is almost dead.
The orc warrior hits you with a battleaxe!!
You die...

###.#####
.......@####
###...o....#
#.......##.#
....(##.##.#
#.##>##.##.#
# #....##.#
... #
#.##.##.#
#..
#.##.##.##.#
...
#..........#
#.#


You could see an orc warrior.

Vanquished Creatures
  2 big kobolds (D:3)
  A bullfrog zombie (D:3)
  A bullfrog skeleton (D:4)
  2 worker ants (D:4)
  13 gnolls
  6 adders
  3 worms (D:3)
  A dart slug (D:2)
  3 orcs (D:3)
  2 giant cockroaches (D:1)
  34 goblins
  34 hobgoblins
  2 quokkas
  7 ball pythons
  8 bats
  2 frilled lizards
  10 kobolds
  7 rats
138 creatures vanquished.

Vanquished Creatures (others)
  A fungus (D:3)
1 creature vanquished.

Grand Total: 139 creatures vanquished

Notes
Turn   | Place    | Note
-------+----------+-------------------------------------------
     0 | D:1      | Jerry the Hill Orc Fighter began the quest for the Orb.
     0 | D:1      | Reached XP level 1. HP: 19/19 MP: 1/1
   268 | D:1      | Reached XP level 2. HP: 23/27 MP: 2/2
   917 | D:2      | Reached XP level 3. HP: 27/33 MP: 3/3
   995 | D:2      | Found a stormy altar of Qazlal.
  1009 | D:2      | Found a snail-covered altar of Cheibriados.
  1102 | D:2      | Found a glowing silver altar of Zin.
  1380 | D:3      | Reached XP level 4. HP: 40/40 MP: 4/4
  1891 | D:3      | Reached XP level 5. HP: 47/47 MP: 5/5
  2482 | D:3      | Noticed a big kobold
  2497 | D:3      | Reached XP level 6. HP: 23/55 MP: 6/6
  2551 | D:3      | Reached skill level 5 in Fighting
  2551 | D:3      | Reached skill level 5 in Shields
  2561 | D:3      | Reached skill level 5 in Axes
  3407 | D:3      | Reached XP level 7. HP: 54/61 MP: 7/7
  3676 | D:4      | Reached skill level 5 in Armour
  3864 | D:4      | Slain by an orc warrior

Skill      XL: |  1  2  3  4  5  6  7 |
---------------+----------------------+-----
Axes           | 3 4 5 |  5.7
Fighting       | 4 5 |  5.7
Shields        | 4 5 |  5.5
Armour         | 4 5 |  5.1

Action                   |  1- 3 |  4- 6 |  7- 9 || total
-------------------------+-------+-------+-------++-------
Melee: War axe           |   103 |   170 |    72 ||   345
 Fire: Hunting sling     |    11 |    78 |    13 ||   102
  Use: Scroll            |       |       |     6 ||     6
  Eat: Chunk             |     2 |     3 |       ||     5
       Meat ration       |       |     1 |       ||     1
Armor: Scale mail        |    16 |       |       ||    16
       Chain mail        |    46 |   148 |    38 ||   232
Dodge: Dodged            |    33 |    91 |    22 ||   146
Block: Shield            |    64 |     5 |       ||    69
       Buckler           |       |    51 |    13 ||    64
